ORI
UNIVERSITY OF GEORGIA BULLDOGS @ ARIZONA STATE UNIVERSITY SUN DEVILS
08/24/2047
 
TOP OF THE 1ST
University of Georgia Bulldogs batting - Pitching for Arizona State University Sun Devils : RHP Bill Dominguez
Pitching: RHP Bill Dominguez
Batting: LHB Bryan Ross 0-0: Ball
1-0: SOLO HOME RUN (Flyball, 9LD, EV 96.2 MPH), Distance : 344 ft
Batting: LHB Casey Bass 0-0: Ball
1-0: Swinging Strike
1-1: Ball
2-1: Foul Ball, location: 2F
2-2: Ball
3-2: Foul Ball, location: 2F
3-2: Base on Balls
Batting: RHB Murilo Cunha 0-0: Fly out, F5 (Popup, 25F, EV 91.2 MPH)
Batting: RHB Rodolfo Solis 0-0: Ball
1-0: Called Strike
1-1: Called Strike
1-2: Strikes out swinging
Batting: LHB Andy Dyer 0-0: Ball
1-0: Swinging Strike
1-1: Ball
2-1: Ball
3-1: Foul Ball, location: 2F
3-2: Base on Balls
Casey Bass to second
Batting: LHB Luis Mejia 0-0: Ball
1-0: Ball
2-0: Foul Ball, location: 2F
2-1: Foul Ball, location: 2F
2-2: Ground out 4-3 (Groundball, 4, EV 104.4 MPH)
Top of the 1st over - 1 run, 1 hit, 0 errors, 2 left on base; University of Georgia 1 - Arizona State University 0
BOTTOM OF THE 1ST
Arizona State University Sun Devils batting - Pitching for University of Georgia Bulldogs : LHP Victor Grijalva
Pitching: LHP Victor Grijalva
Batting: RHB Rusty Gee 0-0: Ball
1-0: Foul Ball, location: 2F
1-1: Foul Ball, location: 2F
1-2: Ball
2-2: Ball
3-2: Fly out, F8 (Flyball, 8RD, EV 101.9 MPH)
Batting: LHB Burraga Iukini 0-0: Called Strike
0-1: Swinging Strike
0-2: Foul Ball, location: 2F
0-2: Foul Ball, location: 2F
0-2: Ball
1-2: Ball
2-2: Strikes out looking
Batting: LHB Randy Marquez 0-0: Swinging Strike
0-1: Ball
1-1: Ball
2-1: Foul Ball, location: 2F
2-2: Foul Ball, location: 2F
2-2: Ball
3-2: Fly out, F8 (Flyball, 78M, EV 86.9 MPH)
Bottom of the 1st over - 0 runs, 0 hits, 0 errors, 0 left on base; University of Georgia 1 - Arizona State University 0
TOP OF THE 2ND
University of Georgia Bulldogs batting - Pitching for Arizona State University Sun Devils : RHP Bill Dominguez
Batting: RHB Ed Howard 0-0: Ball
1-0: Fly out, F8 (Flyball, 8RM, EV 92.5 MPH)
Batting: RHB Albert Rodriguez 0-0: Ball
1-0: Swinging Strike
1-1: Called Strike
1-2: Strikes out swinging
Batting: RHB Jeff Wornick 0-0: Fly out, F7 (Flyball, 7, EV 96.9 MPH)
Top of the 2nd over - 0 runs, 0 hits, 0 errors, 0 left on base; University of Georgia 1 - Arizona State University 0
BOTTOM OF THE 2ND
Arizona State University Sun Devils batting - Pitching for University of Georgia Bulldogs : LHP Victor Grijalva
Batting: RHB Chris DeLuise 0-0: Foul Ball, location: 2F
0-1: Ball
1-1: Foul Ball, location: 2F
1-2: Ball
2-2: Reached via error on a dropped throw from SS, E3 (Groundball, 56, EV 106.2 MPH)
Batting: LHB Dustin Gill 0-0: Foul Ball, location: 2F
0-1: Ball
1-1: Ball
2-1: Grounds out, U3 (Groundball, 3L, EV 80.6 MPH)
Batting: RHB Jun-hyuk Leem 0-0: Ball
1-0: DOUBLE (Flyball, 8RXD, EV 96.2 MPH)
Chris DeLuise scores
Batting: RHB Carl Evans 0-0: Called Strike
0-1: Ball
1-1: Foul Ball, location: 2F
1-2: Ground out 2-3 (Groundball, 13S, EV 67.5 MPH)
Jun-hyuk Leem to third
Batting: LHB Timon Giorgiou 0-0: Ball
1-0: Foul Ball, location: 2F
1-1: Ground out U3 (Groundball, 3, EV 88.1 MPH)
Bottom of the 2nd over - 1 run, 1 hit, 1 error, 1 left on base; University of Georgia 1 - Arizona State University 1
TOP OF THE 3RD
University of Georgia Bulldogs batting - Pitching for Arizona State University Sun Devils : RHP Bill Dominguez
Batting: LHB Bryan Ross 0-0: Ball
1-0: Foul Ball, location: 2F
1-1: Ball
2-1: Foul Ball, location: 2F
2-2: Foul Ball, location: 2F
2-2: Strikes out swinging
Batting: LHB Casey Bass 0-0: Ball
1-0: Ball
2-0: Called Strike
2-1: Foul Ball, location: 2F
2-2: Ground out U3 (Groundball, 3, EV 81.9 MPH)
Batting: RHB Murilo Cunha 0-0: Called Strike
0-1: Swinging Strike
0-2: Ball
1-2: Ball
2-2: Foul Ball, location: 2F
2-2: Ball
3-2: Fly out, F9 (Flyball, 9D, EV 99.4 MPH)
Top of the 3rd over - 0 runs, 0 hits, 0 errors, 0 left on base; University of Georgia 1 - Arizona State University 1
BOTTOM OF THE 3RD
Arizona State University Sun Devils batting - Pitching for University of Georgia Bulldogs : LHP Victor Grijalva
Batting: RHB Israel Tobias 0-0: Called Strike
0-1: Ball
1-1: Called Strike
1-2: Foul Ball, location: 2F
1-2: Ball
2-2: SINGLE (Line Drive, 34D, EV 104.4 MPH)
Batting: RHB Rusty Gee 0-0: Foul Ball, location: 2F
0-1: Ball
1-1: Foul Ball, location: 2F
1-2: Fly out, F8 (Line Drive, 8LM, EV 96.9 MPH)
Batting: LHB Burraga Iukini 0-0: Ball
1-0: Grounds out, U3 (Groundball, 3L, EV 81.9 MPH)
Batting: LHB Randy Marquez 0-0: Called Strike
0-1: Ball
1-1: Called Strike
1-2: Strikes out swinging
Bottom of the 3rd over - 0 runs, 1 hit, 0 errors, 1 left on base; University of Georgia 1 - Arizona State University 1
TOP OF THE 4TH
University of Georgia Bulldogs batting - Pitching for Arizona State University Sun Devils : RHP Bill Dominguez
Batting: RHB Rodolfo Solis 0-0: Called Strike
0-1: Ball
1-1: Swinging Strike
1-2: Fly out, F9 (Flyball, 9, EV 88.8 MPH)
Batting: LHB Andy Dyer 0-0: Ball
1-0: Swinging Strike
1-1: Fly out, F8 (Flyball, 8LM, EV 88.8 MPH)
Batting: LHB Luis Mejia 0-0: Called Strike
0-1: Swinging Strike
0-2: Foul Ball, location: 2F
0-2: Foul Ball, location: 2F
0-2: Foul Ball, location: 2F
0-2: Foul Ball, location: 2F
0-2: Ball
1-2: Ball
2-2: Fly out, F6 (Flyball, 6D, EV 90.0 MPH)
Top of the 4th over - 0 runs, 0 hits, 0 errors, 0 left on base; University of Georgia 1 - Arizona State University 1
BOTTOM OF THE 4TH
Arizona State University Sun Devils batting - Pitching for University of Georgia Bulldogs : LHP Victor Grijalva
Batting: RHB Chris DeLuise 0-0: Called Strike
0-1: Ball
1-1: Ball
2-1: Foul Ball, location: 2F
2-2: Strikes out swinging, 2-3 out at first.
Batting: LHB Dustin Gill 0-0: Ball
1-0: Ball
2-0: Foul Ball, location: 2F
2-1: Ground out 4-3 (Groundball, 4, EV 83.8 MPH)
Batting: RHB Jun-hyuk Leem 0-0: Ball
1-0: Called Strike
1-1: Ball
2-1: Foul Ball, location: 2F
2-2: Ball
3-2: Ground out U3 (Groundball, 13, EV 81.9 MPH)
Bottom of the 4th over - 0 runs, 0 hits, 0 errors, 0 left on base; University of Georgia 1 - Arizona State University 1
TOP OF THE 5TH
University of Georgia Bulldogs batting - Pitching for Arizona State University Sun Devils : RHP Bill Dominguez
Batting: RHB Ed Howard 0-0: Swinging Strike
0-1: Ball
1-1: Ground out 6-3 (Groundball, 6, EV 87.5 MPH)
Batting: RHB Albert Rodriguez 0-0: Ball
1-0: Foul Ball, location: 2F
1-1: Fly out, F9 (Flyball, 9S, EV 96.2 MPH)
Batting: RHB Jeff Wornick 0-0: Ball
1-0: DOUBLE (Flyball, 8RXD, EV 98.8 MPH)
Batting: LHB Bryan Ross 0-0: Fly out, F9 (Flyball, 9S, EV 81.9 MPH)
Top of the 5th over - 0 runs, 1 hit, 0 errors, 1 left on base; University of Georgia 1 - Arizona State University 1
BOTTOM OF THE 5TH
Arizona State University Sun Devils batting - Pitching for University of Georgia Bulldogs : LHP Victor Grijalva
Batting: RHB Carl Evans 0-0: Ball
1-0: Foul Ball, location: 2F
1-1: Ball
2-1: Foul Ball, location: 2F
2-2: Foul Ball, location: 2F
2-2: Foul Ball, location: 2F
2-2: Strikes out swinging
Pitching: LHP Cory Hartley
Batting: LHB Timon Giorgiou 0-0: Ball
1-0: Swinging Strike
1-1: Foul Ball, location: 2F
1-2: Ball
2-2: Strikes out swinging
Batting: RHB Israel Tobias 0-0: Ball
1-0: Foul Ball, location: 2F
1-1: Swinging Strike
1-2: Ball
2-2: Strikes out swinging
Bottom of the 5th over - 0 runs, 0 hits, 0 errors, 0 left on base; University of Georgia 1 - Arizona State University 1
TOP OF THE 6TH
University of Georgia Bulldogs batting - Pitching for Arizona State University Sun Devils : RHP Bill Dominguez
Pitching: LHP Jorge Ruiz
Batting: LHB Casey Bass 0-0: Called Strike
0-1: Fly out, F4 (Line Drive, 4, EV 68.8 MPH)
Batting: RHB Murilo Cunha 0-0: Swinging Strike
0-1: Ball
1-1: Fly out, F3 (Popup, 3, EV 60.6 MPH)
Batting: RHB Rodolfo Solis 0-0: Foul Ball, location: 2F
0-1: Ball
1-1: Ball
2-1: Ball
3-1: Called Strike
3-2: Foul Ball, location: 2F
3-2: Foul Ball, location: 2F
3-2: SINGLE (Groundball, 4D, EV 98.1 MPH)
Batting: LHB Andy Dyer 0-0: Called Strike
0-1: Ball
1-1: Foul Ball, location: 2F
1-2: Foul Ball, location: 2F
1-2: Ball
2-2: Strikes out swinging
Top of the 6th over - 0 runs, 1 hit, 0 errors, 1 left on base; University of Georgia 1 - Arizona State University 1
BOTTOM OF THE 6TH
Arizona State University Sun Devils batting - Pitching for University of Georgia Bulldogs : LHP Cory Hartley
Batting: RHB Rusty Gee 0-0: Ball
1-0: Called Strike
1-1: Ball
2-1: Foul Ball, location: 2F
2-2: Ball
3-2: Fly out, F7 (Line Drive, 7S, EV 85.6 MPH)
Batting: LHB Burraga Iukini 0-0: Ball
1-0: Ball
2-0: Foul Ball, location: 2F
2-1: Foul Ball, location: 2F
2-2: Ball
3-2: Foul Ball, location: 2F
3-2: Foul Ball, location: 2F
3-2: Strikes out looking
Batting: LHB Randy Marquez 0-0: Ball
1-0: Ball
2-0: Ball
3-0: Base on Balls
Batting: RHB Chris DeLuise 0-0: Reached on error, E5 (Groundball, 56, EV 107.5 MPH)
Randy Marquez to second
Pitching: RHP Jesse Moritz
Batting: LHB Dustin Gill 0-0: Ball
1-0: Ball
2-0: 3-RUN HOME RUN (Flyball, 9LD, EV 87.5 MPH), Distance : 324 ft
Batting: RHB Jun-hyuk Leem 0-0: Foul Ball, location: 2F
0-1: Ground out 6-3 (Groundball, 6, EV 85.6 MPH)
Bottom of the 6th over - 3 runs, 1 hit, 1 error, 0 left on base; University of Georgia 1 - Arizona State University 4
TOP OF THE 7TH
University of Georgia Bulldogs batting - Pitching for Arizona State University Sun Devils : LHP Jorge Ruiz
Pitching: RHP Georges Pruvost
Batting: LHB Luis Mejia 0-0: Swinging Strike
0-1: Swinging Strike
0-2: Strikes out swinging
Batting: RHB Ed Howard 0-0: Called Strike
0-1: Swinging Strike
0-2: Ball
1-2: Strikes out looking
Batting: RHB Albert Rodriguez 0-0: Ball
1-0: Foul Ball, location: 2F
1-1: Ball
2-1: Ground out 3-1 (Groundball, 13, EV 85.0 MPH)
Top of the 7th over - 0 runs, 0 hits, 0 errors, 0 left on base; University of Georgia 1 - Arizona State University 4
BOTTOM OF THE 7TH
Arizona State University Sun Devils batting - Pitching for University of Georgia Bulldogs : RHP Jesse Moritz
Batting: RHB Carl Evans 0-0: Ball
1-0: Ground out 6-3 (Groundball, 56, EV 109.4 MPH)
Batting: LHB Timon Giorgiou 0-0: Called Strike
0-1: Ball
1-1: Swinging Strike
1-2: Foul Ball, location: 2F
1-2: Ball
2-2: Ball
3-2: Strikes out swinging
Batting: RHB Israel Tobias 0-0: Ball
1-0: Foul Ball, location: 2F
1-1: Foul Ball, location: 2F
1-2: Ball
2-2: Ball
3-2: Foul Ball, location: 2F
3-2: Strikes out looking
Bottom of the 7th over - 0 runs, 0 hits, 0 errors, 0 left on base; University of Georgia 1 - Arizona State University 4
TOP OF THE 8TH
University of Georgia Bulldogs batting - Pitching for Arizona State University Sun Devils : RHP Georges Pruvost
Pitching: LHP Joe Morgan
Batting: RHB Jeff Wornick 0-0: Ball
1-0: Ball
2-0: Foul Ball, location: 2F
2-1: Reached on error, E6 (Groundball, 6S, EV 76.2 MPH)
Batting: LHB Bryan Ross 0-0: Foul Ball, location: 2F
0-1: Ground out U3 (Groundball, 3, EV 85.6 MPH)
Jeff Wornick to third
Batting: LHB Casey Bass 0-0: Ball
1-0: Foul Ball, location: 2F
1-1: Swinging Strike
1-2: Ball
2-2: Ball
3-2: Ground out 6-3 (Groundball, 6M, EV 102.5 MPH)
Jeff Wornick scores
Batting: RHB Murilo Cunha 0-0: Ball
1-0: Called Strike
1-1: Foul Ball, location: 2F
1-2: Foul Ball, location: 2F
1-2: Ball
2-2: Strikes out swinging
Top of the 8th over - 1 run, 0 hits, 1 error, 0 left on base; University of Georgia 2 - Arizona State University 4
BOTTOM OF THE 8TH
Arizona State University Sun Devils batting - Pitching for University of Georgia Bulldogs : RHP Jesse Moritz
Pitching: LHP Vinny Segarra
Batting: RHB Rusty Gee 0-0: Called Strike
0-1: Foul Ball, location: 2F
0-2: Hit by Pitch
Batting: LHB Burraga Iukini 0-0: Ball
1-0: Ball
2-0: Ball
3-0: Foul Ball, location: 2F
3-1: Base on Balls
Rusty Gee to second
Batting: LHB Randy Marquez 0-0: Ball
1-0: Called Strike
1-1: Swinging Strike
1-2: Ball
2-2: SINGLE (Groundball, 5L, EV 105.6 MPH) (infield hit)
Rusty Gee to third
Burraga Iukini to second
Batting: RHB Chris DeLuise 0-0: DOUBLE (Flyball, 8RD, EV 92.5 MPH)
Rusty Gee scores
Burraga Iukini scores
Randy Marquez to third
Batting: LHB Dustin Gill 0-0: Ground out 4-3 (Groundball, 4, EV 100.6 MPH)
Randy Marquez scores
Chris DeLuise to third
Pitching: RHP Greg Hix
Batting: RHB Jun-hyuk Leem 0-0: Called Strike
0-1: Ground out 4-3 (Groundball, 4S, EV 83.8 MPH)
Chris DeLuise scores
Batting: RHB Carl Evans 0-0: Ball
1-0: Called Strike
1-1: Fly out, F6 (Popup, 56D, EV 73.1 MPH)
Bottom of the 8th over - 4 runs, 2 hits, 0 errors, 0 left on base; University of Georgia 2 - Arizona State University 8
TOP OF THE 9TH
University of Georgia Bulldogs batting - Pitching for Arizona State University Sun Devils : LHP Joe Morgan
Batting: RHB Rodolfo Solis 0-0: Ball
1-0: Foul Ball, location: 2F
1-1: Ground out U3 (Groundball, 34S, EV 86.2 MPH)
Batting: LHB Andy Dyer 0-0: Ball
1-0: Foul Ball, location: 2F
1-1: Ball
2-1: Called Strike
2-2: Ball
3-2: SINGLE (Groundball, 3D, EV 107.5 MPH)
Pinch Hitting: RHB Javier Alcorta 0-0: Foul Ball, location: 2F
0-1: Ball
1-1: Ball
2-1: Ball
3-1: Base on Balls
Andy Dyer to second
Batting: RHB Ed Howard 0-0: Called Strike
0-1: Called Strike
0-2: Strikes out swinging
Pinch Hitting: RHB Pat Svenson 0-0: Fly out, F8 (Flyball, 8LM, EV 93.8 MPH)
Top of the 9th over - 0 runs, 1 hit, 0 errors, 2 left on base; University of Georgia 2 - Arizona State University 8
Thursday, December 15th , 2022 - OOTP Baseball 23.9 Build 102